[Event "Early-Titled-Tuesday-Blitz-February-13-2024"]
[Site "Chess.com"]
[Date "2024.02.13"]
[Round "3"]
[White "David_George21"]
[Black "VomDingJetztHer"]
[Result "1-0"]
[WhiteElo "2255"]
[BlackElo "2493"]
[TimeControl "180+1"]
[EndTime "8:31:13 PST"]
[Termination "David_George21 won by checkmate"]

1. e4 g6 2. d4 Bg7 3. Nc3 d6 4.
f4 a6 5. a4 b6 6. Nf3 Bb7 7.
Bd3 Nd7 8. O-O c5 9. Be3 Ngf6 10. h3 O-O 11. e5 Nd5 12. Nxd5 Bxd5 13. c3 cxd4 14.
cxd4 dxe5 15. fxe5 e6 16. h4 b5 17. axb5 axb5 18.
Rxa8 Qxa8 19. Bxb5 Qb7 20. Bd3 Qxb2 21. Rf2 Qc3 22. h5 Ra8 23. Rc2 Qb4 24. Rc7 Nf8 25. h6 Bh8 26. Qe2 Ra1+ 27. Kh2 Bxf3 28. Qxf3 f5 29. Bf2 Ra3 30. Qe2 Qb3 31. Bc4 Qb1 32.
Rc8 Qb6 33. d5 Qb7 34. dxe6 Qxc8 35. e7+ Ne6 36. Bxe6+ Qxe6 37. Qc4 Bxe5+ 38. g3 Ra6 39. e8=Q# 1-0

[Event "Early-Titled-Tuesday-Blitz-February-13-2024"]
[Site "Chess.com"]
[Date "2024.02.13"]
[Round "3"]
[White "only_strong_moves"]
[Black "temus_galaktionov"]
[Result "1-0"]
[WhiteElo "2695"]
[BlackElo "2901"]
[TimeControl "180+1"]
[EndTime "8:31:17 PST"]
[Termination "only_strong_moves won by checkmate"]

1. e4 c6 2. d4 g6 3. c4 Bg7 4.
Nc3 d6 5. Be2 Nd7 6. Be3 e5 7.
Nf3 Ngf6 8. O-O O-O 9. h3 Qe7 10. Re1 Re8 11. Qd2 Nf8 12. d5 c5 13. Bh6 N8d7 14.
Bxg7 Kxg7 15. Nh4 Ng8 16. Nf3 h6 17. Nh2 f5 18. exf5 gxf5 19. Bh5 Rf8 20. f4 Ngf6 21. Bd1 e4 22. g4 Rg8 23. gxf5 Kh7+ 24. Kh1 Nb6 25.
Ng4 Bxf5 26. Nxf6+ Qxf6 27. Nxe4 Bxe4+ 28. Rxe4 Qh4 29. Qd3 Kh8 30. Bc2 Rg3 31. Re8+ Kg7 32. Qh7+ Kf6 33. Re6# 1-0

[Event "Early-Titled-Tuesday-Blitz-February-13-2024"]
[Site "Chess.com"]
[Date "2024.02.13"]
[Round "3"]
[White "ajeale2"]
[Black "maxip32"]
[Result "0-1"]
[WhiteElo "2460"]
[BlackElo "2660"]
[TimeControl "180+1"]
[EndTime "8:31:17 PST"]
[Termination "maxip32 won on time"]

1. c4 e6 2. Nf3 d5 3. g3 Nf6 4. Bg2 Be7 5. O-O O-O 6. b3 b6 7. d4 Bb7 8. Ne5 Nbd7 9. Nc3 c6 10.
Bf4 Nxe5 11. dxe5 Nd7 12. Qc2 Qc8 13. Rad1 dxc4 14. bxc4 Nc5 15. h4 Rd8 16. h5 h6 17.
Qc1 Bf8 18. Qe3 Qc7 19. Qf3 Rxd1 20. Rxd1 Rd8 21. g4 Rxd1+ 22. Nxd1 Qd8 23. Ne3 Qd4 24.
Kh2 Be7 25. Bg3 Bg5 26. Nf1 Qxc4 27. Qa3 a5 28. f4 Be7 29. Qf3 Qxa2 30. f5 exf5 31.
gxf5 Qb3 32. e3 Qc3 33. Bf4 Bc8 34. Ng3 Bd7 35. Qg4 Kf8 36. Qe2 Qd3 37. Qf3 a4 38. f6 Bd8 39. fxg7+ Kxg7 40. Qf2 Be6 41. Ne2 Qf5 0-1

[Event "Early-Titled-Tuesday-Blitz-February-13-2024"]
[Site "Chess.com"]
[Date "2024.02.13"]
[Round "3"]
[White "jero888"]
[Black "dianamirza"]
[Result "0-1"]
[WhiteElo "2268"]
[BlackElo "1957"]
[TimeControl "180+1"]
[EndTime "8:31:17 PST"]
[Termination "dianamirza won by resignation"]

1. e4 c5 2. Nf3 e6 3. g3 Nc6 4. Bg2 a6 5. O-O b5 6. c3 Bb7 7. Qe2 Be7 8. d4 cxd4 9. cxd4 Nf6 10. e5 Nd5 11. Nbd2 O-O 12. Ne4 d6 13. h4 dxe5 14. dxe5 Qc7 15. Bf4 Nxf4 16. gxf4 Rfd8 17. Rac1 Qb6 18. Nfg5 h6 19. Qh5 hxg5 20. hxg5 Nd4 21. Nf6+ gxf6 22. gxf6 Bf8 23. Qg5+ Kh7 24. Rc3 Ne2+ 25.
Kh2 Nxc3 26. Rh1 Rd1 27. Qh4+ Bh6 28. Kg3 Rxh1 29. Qxh1 Bxg2 30. Kxg2 Qc6+ 31. Kh2 Qxh1+ 0-1

[Event "Early-Titled-Tuesday-Blitz-February-13-2024"]
[Site "Chess.com"]
[Date "2024.02.13"]
[Round "3"]
[White "shimastream"]
[Black "winniethepooh04"]
[Result "1-0"]
[WhiteElo "2997"]
[BlackElo "2539"]
[TimeControl "180+1"]
[EndTime "8:31:18 PST"]
[Termination "shimastream won by resignation"]

1. e4 e6 2. d4 d5 3. e5 c5 4. Nf3 Nc6 5. Bd3 Bd7 6. O-O Nge7 7. c3 cxd4 8. cxd4 Nb4 9. Be2 Ng6 10. Nc3 Be7 11.
g3 O-O 12. h4 Rc8 13. h5 Nh8 14. a3 Nc6 15. Bd3 f5 16. exf6 Bxf6 17. Ne2 Nf7 18. Bc2 e5 19. dxe5 Ncxe5 20. Nxe5 Nxe5 21. Nf4 d4 22. Be4 Bc6 23. Bxc6 bxc6 24. Qb3+ Kh8 25. Kg2 c5 26.
Ne6 c4 27. Qb7 Qd6 28. Nxf8 Qxf8 29. h6 g5 30. Qe4 g4 31. Qxd4 Qf7 32. Be3 Qb7+ 33. f3 gxf3+ 34. Kh3 Qf7 35. g4 Rd8 36. Qf4 Rd3 37. Rad1 Qg6 38. Rxd3 cxd3 39. Rc1 Nf7 40.
Rc8+ Bd8 41. Rxd8+ Nxd8 42. Qf8+ 1-0

[Event "Early-Titled-Tuesday-Blitz-February-13-2024"]
[Site "Chess.com"]
[Date "2024.02.13"]
[Round "3"]
[White "Hauptsache_Gambit"]
[Black "hsd2016"]
[Result "0-1"]
[WhiteElo "2018"]
[BlackElo "2327"]
[TimeControl "180+1"]
[EndTime "8:31:18 PST"]
[Termination "hsd2016 won on time"]

1. e4 e5 2. Bc4 Nf6 3. d4 exd4 4. Qxd4 c5 5. Qd3 Nc6 6. f4 d5 7. exd5 Nb4 8. Qe2+ Be7 9. Nc3 Bf5 10. Bb3 O-O 11.
Nf3 c4 12. Qxc4 Rc8 13. Qe2 Nfxd5 14. O-O Bc5+ 15. Kh1 Nxc3 16. bxc3 Nd5 17. Qe5 Be6 18. f5 Bd6 19. Qe4 Nxc3 20. Qg4 Bxb3 21. axb3 Kh8 22. Ng5 Qf6 23. Qh5 h6 24. Rxa7 Kg8 25. Rxb7 hxg5 26.
Bxg5 Qe5 27. f6 gxf6 28. Qh3 fxg5 29. Rd7 Ne4 30. Rxd6 Nf2+ 0-1

[Event "Early-Titled-Tuesday-Blitz-February-13-2024"]
[Site "Chess.com"]
[Date "2024.02.13"]
[Round "3"]
[White "arctic_t00"]
[Black "Elsa167"]
[Result "0-1"]
[WhiteElo "2701"]
[BlackElo "2923"]
[TimeControl "180+1"]
[EndTime "8:31:19 PST"]
[Termination "Elsa167 won by resignation"]

1. d4 Nf6 2. Nf3 e6 3. e3 b6 4. Bd3 Bb7 5. O-O g6 6. c4 Bg7 7. Nc3 O-O 8. e4 d6 9. h3 Nbd7 10. Bc2 e5 11. Re1 Re8 12. d5 a5 13. a3 Rf8 14.
Be3 h6 15. b4 Nh7 16. c5 axb4 17. axb4 Rxa1 18. Qxa1 bxc5 19. bxc5 Nxc5 20. Bxc5 dxc5 21. Qa7 Bc8 22. Nb5 Ng5 23. Nxg5 Qxg5 24. Re3 Bxh3 25. Rxh3 Qc1+ 26. Kh2 Qxc2 27. f3 h5 28. Qxc7 Qb2 29.
Qxc5 Bh6 30. Rh4 Bg5 0-1

[Event "Early-Titled-Tuesday-Blitz-February-13-2024"]
[Site "Chess.com"]
[Date "2024.02.13"]
[Round "3"]
[White "karinachess1"]
[Black "db-banana"]
[Result "1-0"]
[WhiteElo "2686"]
[BlackElo "2489"]
[TimeControl "180+1"]
[EndTime "8:31:19 PST"]
[Termination "karinachess1 won on time"]

1. d4 Nf6 2. c4 e6 3. Nc3 Bb4 4. a3 Bxc3+ 5. bxc3 O-O 6. f3 d5 7. cxd5 exd5 8. e3 b6 9. Bd3 Ba6 10. Bc2 Re8 11. Ne2 Nbd7 12. O-O Nf8 13. Re1 h5 14.
Ng3 h4 15. Nf5 h3 16. e4 g6 17. Nh6+ Kg7 18. e5 N6h7 19. Qd2 hxg2 20. Ng4 Qh4 21. Qf2 Qxf2+ 22. Kxf2 Ne6 23. Bh6+ Kg8 24. f4 Ng7 25. Rg1 Bc8 26. Ne3 c6 27. Rxg2 Kh8 28. Rag1 Rg8 29. f5 g5 30. Bxg5 1-0

[Event "Early-Titled-Tuesday-Blitz-February-13-2024"]
[Site "Chess.com"]
[Date "2024.02.13"]
[Round "3"]
[White "Roman_Ovetchkin"]
[Black "Shahdad2007"]
[Result "0-1"]
[WhiteElo "2628"]
[BlackElo "2476"]
[TimeControl "180+1"]
[EndTime "8:31:19 PST"]
[Termination "Shahdad2007 won by resignation"]

1. d4 c6 2. c4 d5 3. Nf3 Nf6 4. Qc2 g6 5. Bf4 Bg7 6. e3 O-O 7. Nc3 Bf5 8. Qb3 dxc4 9. Bxc4 b5 10. Be2 Be6 11. Qc2 Nd5 12. Be5 f6 13. Bg3 Nxc3 14.
Qxc3 Bf7 15. O-O Qd5 16. a4 Nd7 17. Nd2 Rac8 18. Bf3 Qe6 19. Rfc1 c5 20. d5 Qb6 21. axb5 Qxb5 22. Nc4 Nb6 23. Ra5 Qd7 24. e4 f5 25.
Ne5 Bxe5 26. Bxe5 fxe4 27. Bh8 e5 28. Qxe5 Bxd5 29. Bg4 Qf7 30. Kh1 Rce8 31. Qc3 e3 32. f3 h5 33. Bh3 e2 34. Re1 Kh7 35. Rxc5 Rxh8 36. Rc7 Re7 37. Rxe7 Qxe7 38. b3 Re8 39. Qd3 Qe3 0-1

[Event "Early-Titled-Tuesday-Blitz-February-13-2024"]
[Site "Chess.com"]
[Date "2024.02.13"]
[Round "3"]
[White "davigator"]
[Black "sewlins"]
[Result "1-0"]
[WhiteElo "2346"]
[BlackElo "2102"]
[TimeControl "180+1"]
[EndTime "8:31:21 PST"]
[Termination "davigator won on time"]

1. e4 e6 2. d4 d5 3. Nc3 Nf6 4.
e5 Nfd7 5. f4 c5 6. Nf3 Nc6 7.
Be3 a6 8. Qd2 b5 9. Nd1 b4 10.
c3 bxc3 11. bxc3 cxd4 12. Nxd4 Qc7 13. Bd3 Nc5 14. O-O Na5 15. Bc2 Nc4 16. Qf2 Nxe3 17. Qxe3 Bd7 18. f5 exf5 19. Nxf5 Bxf5 20. Bxf5 Ne6 21.
Kh1 Bc5 22. Qg3 O-O 23. Nb2 g6 24. Rad1 Rad8 25. Nd3 Ba7 26. Nb4 d4 27. Bxe6 fxe6 28. Rxf8+ Rxf8 29. cxd4 a5 30. Nd3 Bxd4 31. h3 Qc2 32.
Qe1 Bc3 33. Rc1 Qxd3 34. Qxc3 Rf1+ 35. Kh2 Qxc3 36. Rxc3 Rf2 37. Ra3 Re2 38. Rxa5 Kf7 39. Kg3 Re3+ 40. Kf4 Rc3 41. Ra7+ 1-0

[Event "Early-Titled-Tuesday-Blitz-February-13-2024"]
[Site "Chess.com"]
[Date "2024.02.13"]
[Round "3"]
[White "krzyzan94"]
[Black "Ykow"]
[Result "1-0"]
[WhiteElo "2786"]
[BlackElo "2506"]
[TimeControl "180+1"]
[EndTime "8:31:22 PST"]
[Termination "krzyzan94 won on time"]

1. e4 c5 2. Nf3 Nf6 3. e5 Nd5 4. c3 d6 5. d4 cxd4 6. cxd4 e6 7. Bd3 Nc6 8. O-O Be7 9. Re1 O-O 10. a3 dxe5 11. dxe5 b6 12. Qe2 Bb7 13. h4 Na5 14. Ng5 Bxg5 15. Bxg5 Qd7 16. Nd2 Rfc8 17. Rad1 h6 18.
Bxh6 gxh6 19. Qh5 Qe7 20. Ne4 Kg7 21. Qg4+ Kh8 22. Qh5 Kg7 23. b4 Nc6 24. Nd6 Rc7 25. Re4 Rh8 26. Rg4+ Kf8 27. Be4 Nd8 28. Nxb7 Rxb7 29.
Bxd5 exd5 30. Rxd5 Rd7 31. Rgd4 Rxd5 32. Rxd5 Ne6 33.
Kh2 Qc7 34. Qf5 Qc4 35. Rd7 Qf4+ 36. Qxf4 Nxf4 37. Rxa7 Kg7 38. g3 Nd3 39. e6 Kf6 40. exf7 Nxf2 41. Rb7 Ng4+ 42. Kg2 h5 43. a4 Ra8 44. Rxb6+ Kxf7 45. a5 Ke7 46. a6 Kd7 47. b5 Kc7 48. Rc6+ Kb8 49. Rg6 Ka7 50. Rg7+ Kb6 51.
Rb7+ Ka5 52. Kf3 Ne5+ 53. Kf4 Nc4 54. Kg5 Nb6 55. Kxh5 Kxb5 56. a7 Kc6 57. Rg7 Nd7 58. g4 Rxa7 59. g5 Kd6 60. Kg6 Ne5+ 61. Kf6 Ng4+ 62.
Kg6 Ne5+ 63. Kh7 Ra4 64. h5 Rh4 65. h6 Ke6 66. Ra7 Kf5 67. Ra5 Rh5 68. g6 1-0

[Event "Early-Titled-Tuesday-Blitz-February-13-2024"]
[Site "Chess.com"]
[Date "2024.02.13"]
[Round "3"]
[White "LeoLV10"]
[Black "Qingdom"]
[Result "1-0"]
[WhiteElo "2553"]
[BlackElo "2158"]
[TimeControl "180+1"]
[EndTime "8:31:24 PST"]
[Termination "LeoLV10 won by resignation"]

1. e4 c5 2. Nf3 Nc6 3. Bb5 Nf6 4. e5 Nd5 5. O-O g6 6. c3 Bg7 7. d4 cxd4 8. cxd4 O-O 9. Bc4 Nb6 10. Bb3 d6 11. exd6 Qxd6 12. Be3 Bg4 13. d5 Ne5 14. Nc3 Nxf3+ 15. gxf3 Bh3 16. Re1 Rfd8 17. Qe2 Be5 18.
Nb5 Bxh2+ 19. Kh1 Qb8 20. Bxb6 axb6 21. Qxe7 Bd6 22. Nxd6 Qxd6 23. Rac1 Qf4 24. Qe4 Qh6 25. Qe3 Qh5 26. Kg1 Re8 27. Qf4 Rac8 28. Rxc8 Rxc8 29. d6 Be6 30. Rxe6 fxe6 31. Bxe6+ Kg7 32. Bxc8 Qc5 33. d7 Qd5 34. Qe3 Qd1+ 35. Kg2 Qd6 36. f4 b5 37. Qe5+ 1-0

[Event "Early-Titled-Tuesday-Blitz-February-13-2024"]
[Site "Chess.com"]
[Date "2024.02.13"]
[Round "3"]
[White "JG-17"]
[Black "Thunderbolt135"]
[Result "0-1"]
[WhiteElo "2471"]
[BlackElo "2655"]
[TimeControl "180+1"]
[EndTime "8:31:25 PST"]
[Termination "Thunderbolt135 won by checkmate"]

1. e4 c5 2. Nf3 e6 3. c4 a6 4. d4 cxd4 5. Nxd4 Qc7 6. Nc3 b6 7. a3 Bb7 8. Be2 Nf6 9. f3 d6 10. O-O Be7 11. Be3 O-O 12. b4 Nbd7 13. Qd2 Rac8 14.
Rfc1 Qb8 15. Nb3 Bd8 16. a4 Bc7 17. a5 d5 18. cxd5 Bxh2+ 19. Kh1 exd5 20. Nxd5 Bxd5 21.
exd5 Rxc1+ 22. Rxc1 Nh5 23. g4 Ng3+ 24. Kg2 Nxe2 25. Qxe2 Re8 26. Qf2 Ne5 27. Kxh2 Nxg4+ 28. Kg2 Nxf2 29. Bxf2 bxa5 30. Nxa5 Qxb4 31. Nc6 Qd6 32. Bg3 Qd7 33. d6 h5 34. Ne7+ Rxe7 35. Rc7 Re2+ 36.
Kg1 Qb5 37. d7 Qb1+ 38. Be1 Qxe1# 0-1

[Event "Early-Titled-Tuesday-Blitz-February-13-2024"]
[Site "Chess.com"]
[Date "2024.02.13"]
[Round "3"]
[White "Chessdude1987"]
[Black "blank0923"]
[Result "0-1"]
[WhiteElo "2389"]
[BlackElo "2608"]
[TimeControl "180+1"]
[EndTime "8:31:25 PST"]
[Termination "blank0923 won on time"]

1. e4 c5 2. Nf3 Nc6 3. d4 cxd4 4.
Nxd4 Nf6 5. Nc3 e5 6. Ndb5 d6 7.
Bg5 a6 8. Na3 b5 9. Nd5 Be7 10.
Bxf6 Bxf6 11. c3 Ne7 12. Nxe7 Qxe7 13. Nc2 Bb7 14. Bd3 Rd8 15. a4 d5 16. Qe2 O-O 17. axb5 axb5 18. O-O Bg5 19. Ra7 Qc7 20. exd5 Qb6 21.
Rfa1 Bxd5 0-1

[Event "Early-Titled-Tuesday-Blitz-February-13-2024"]
[Site "Chess.com"]
[Date "2024.02.13"]
[Round "3"]
[White "Nemegejas"]
[Black "Keeper0416"]
[Result "0-1"]
[WhiteElo "2829"]
[BlackElo "2594"]
[TimeControl "180+1"]
[EndTime "8:31:27 PST"]
[Termination "Keeper0416 won by resignation"]

1. Nf3 Nf6 2. g3 g6 3. Bg2 Bg7 4. O-O O-O 5. c4 d6 6. d4 a5 7.
Nc3 c6 8. e4 Nfd7 9. Be3 Na6 10. Qd2 e5 11. Rad1 Qe7 12. Rfe1 Re8 13. dxe5 Nxe5 14. Nxe5 dxe5 15. Na4 Be6 16. Nb6 Rad8 17. Qxa5 Qb4 18. Qxb4 Nxb4 19. Rxd8 Rxd8 20. Bc5 Nxa2 21.
Ra1 Bh6 22. h4 Nc1 23. Ra7 Nd3 24. Kh2 Nxc5 25. b4 Nd3 26. Rxb7 Nxf2 27. b5 cxb5 28.
cxb5 Ng4+ 29. Kg1 Be3+ 30. Kf1 Rd2 0-1

[Event "Early-Titled-Tuesday-Blitz-February-13-2024"]
[Site "Chess.com"]
[Date "2024.02.13"]
[Round "3"]
[White "TRadjabov"]
[Black "jacky72"]
[Result "1-0"]
[WhiteElo "3034"]
[BlackElo "2770"]
[TimeControl "180+1"]
[EndTime "8:31:30 PST"]
[Termination "TRadjabov won by resignation"]

1. Nf3 Nf6 2. b3 g6 3. Bb2 Bg7 4. g3 b6 5. Bg2 Bb7 6. O-O O-O 7. c4 d6 8. Nc3 Ne4 9. Qc2 Nxc3 10. Bxc3 e5 11. Rfd1 Nc6 12. e3 Qe7 13. d4 e4 14.
Nd2 f5 15. b4 h5 16. b5 Nd8 17. a4 h4 18. a5 hxg3 19. hxg3 Nf7 20. Ra2 Ng5 21.
d5 Rae8 22. Rda1 Bc8 23. Qb2 Bxc3 24. Qxc3 Nf7 25. Nb3 Ne5 26. Nd4 g5 27. axb6 axb6 28.
Ra7 f4 29. exf4 gxf4 30. Bxe4 Rf7 31. Ne6 Bxe6 32. dxe6 Rg7 33. Ra8 fxg3 34. Rxe8+ Qxe8 35. Ra8 gxf2+ 36. Kxf2 Qxa8 37. Bxa8 Kf8 38. Bd5 Ke7 39. c5 bxc5 40. Qa5 Kf6 41. Qa8 Ng6 42. Qd8+ Ke5 43. Qg5+ Kd4 44. Ba2 1-0

[Event "Early-Titled-Tuesday-Blitz-February-13-2024"]
[Site "Chess.com"]
[Date "2024.02.13"]
[Round "3"]
[White "Ron_Weasley_Chess"]
[Black "wadsy27"]
[Result "0-1"]
[WhiteElo "2434"]
[BlackElo "2628"]
[TimeControl "180+1"]
[EndTime "8:31:30 PST"]
[Termination "wadsy27 won by resignation"]

1. Nf3 d5 2. g3 Nc6 3. c4 d4 4.
Bg2 e5 5. d3 Nf6 6. O-O Bc5 7.
b4 Bxb4 8. Nxe5 Nxe5 9. Qa4+ Nc6 10. Bxc6+ bxc6 11. Qxb4 Qd6 12. Ba3 Qxb4 13. Bxb4 Bh3 14.
Re1 Nd7 15. e3 O-O-O 16. exd4 Bf5 17. Nd2 Bxd3 18. Re3 Bg6 19. Ra3 Nb6 20. Rxa7 Kb8 21. Ra5 Rxd4 22. Bc3 Rxd2 23. Bxd2 Nxc4 24. Rd1 Rd8 25. Ra4 Nxd2 26. Kg2 c5 27. Ra5 c4 28. Rc5 Kc8 29. Rb5 c3 30. Rc5 c2 31. Rc1 Be4+ 32. f3 Nxf3 33. Kf2 Rd1 0-1

[Event "Early-Titled-Tuesday-Blitz-February-13-2024"]
[Site "Chess.com"]
[Date "2024.02.13"]
[Round "3"]
[White "Der_Balak_3Halak"]
[Black "LeoWin2012"]
[Result "0-1"]
[WhiteElo "2442"]
[BlackElo "2242"]
[TimeControl "180+1"]
[EndTime "8:31:30 PST"]
[Termination "LeoWin2012 won on time"]

1. b3 b6 2. Bb2 Bb7 3. Nf3 Nf6 4. e3 e6 5. Be2 Be7 6. O-O O-O 7. c4 c5 8. d3 d6 9. Nbd2 Nbd7 10. a3 a6 11. Qc2 Qc7 12. Rfd1 Rfd8 13. Rac1 Rac8 14. Qb1 Qb8 15. e4 e5 16. Nf1 Nf8 17. Ne3 Ne6 18.
Nf5 Bf8 19. g3 g6 20. Ne3 Bh6 21. Bf1 Nd4 22. Nd2 Qc7 23. Bxd4 exd4 24. Nd5 Bxd5 25. exd5 Qd7 26. Qc2 Qf5 27. Bg2 Re8 28. Re1 Ng4 29.
Ne4 Bxc1 30. Qxc1 Rcd8 31. Bh3 Kg7 32. Qd1 h5 33. f3 Ne3 34. Bxf5 Nxd1 35. Rxd1 gxf5 36.
Nf2 Re2 37. Kf1 Rb2 38. Re1 Rxb3 39. Re7 Rxa3 40. Ke2 Ra2+ 41. Kf1 b5 42. Nh3 Kf6 43. Rc7 bxc4 44. dxc4 Rb8 0-1

[Event "Early-Titled-Tuesday-Blitz-February-13-2024"]
[Site "Chess.com"]
[Date "2024.02.13"]
[Round "3"]
[White "leschebaza"]
[Black "mary-sanna"]
[Result "1-0"]
[WhiteElo "2398"]
[BlackElo "2160"]
[TimeControl "180+1"]
[EndTime "8:31:30 PST"]
[Termination "leschebaza won on time"]

1. Nf3 d5 2. c4 e6 3. d4 Nf6 4. Nc3 c5 5. cxd5 exd5 6. Bg5 Nc6 7. e3 c4 8. Bxf6 gxf6 9. g3 Bg4 10. Bg2 Bb4 11. O-O a6 12. Qc2 Qd7 13. Rfe1 O-O-O 14. Nh4 Ne7 15. b3 Kb8 16. bxc4 dxc4 17. Rab1 Qd6 18. Ne4 Qb6 19. a3 a5 20. axb4 axb4 21. Qxc4 Nd5 22. Nd2 Be6 23. Bxd5 Bxd5 24. Qxb4 Qc6 25. Rec1 Qd7 26. e4 Be6 27. d5 Bh3 28. Nc4 Rhe8 29. Ne3 Re5 30. Nhf5 Rde8 31. Nd6 R8e7 32. Rc8+ Qxc8 33.
Nxc8 Kxc8 34. Rc1+ Kb8 35. f3 Re8 36. g4 1-0

[Event "Early-Titled-Tuesday-Blitz-February-13-2024"]
[Site "Chess.com"]
[Date "2024.02.13"]
[Round "3"]
[White "Louis-Paulsen-Fan"]
[Black "SahibSinghKnight"]
[Result "0-1"]
[WhiteElo "2273"]
[BlackElo "2613"]
[TimeControl "180+1"]
[EndTime "8:31:31 PST"]
[Termination "SahibSinghKnight won by resignation"]

1. d4 e6 2. Nf3 d5 3. c4 Nf6 4. Nc3 Bb4 5. cxd5 exd5 6. Bg5 O-O 7. g3 h6 8. Bxf6 Qxf6 9. Bg2 c6 10. O-O Re8 11.
Re1 Bf5 12. Qb3 Qe7 13. Ne5 Nd7 14. f4 Nxe5 15. fxe5 Ba5 16. e4 dxe4 17. Bxe4 Be6 18. Qc2 Rad8 19. Rad1 Bb6 20. Ne2 Bg4 21. Kg2 Bxe2 22.
Rxe2 Bxd4 23. Bh7+ Kh8 24. e6 fxe6 25. Qe4 Bf6 26. Rxd8 Qxd8 27. Bg6 Re7 28. b3 Qd5 29. Qxd5 exd5 30. Rxe7 Bxe7 31. Kf3 Bd6 32. Kg4 Kg8 33. Kf5 Kf8 34. Ke6 Bc5 35. Kd7 Bg1 36. h3 d4 37.
Kc7 Ke7 38. Kxb7 Kd6 39. Kxa7 Kd5 40. Bd3 Kc5 41. Kb7 Kb4 42. Kxc6 Kc3 43. Bg6 d3 44. Bh5 Kb2 45. a4 Kxb3 46. a5 Kc2 47. a6 d2 48. Kb7 d1=Q 49. Bxd1+ Kxd1 50. a7 Bxa7 51. Kxa7 Ke2 52. Kb6 Kf3 53. g4 Kg3 54. Kc5 Kxh3 0-1

[Event "Early-Titled-Tuesday-Blitz-February-13-2024"]
[Site "Chess.com"]
[Date "2024.02.13"]
[Round "3"]
[White "esrosenberg"]
[Black "MariamiJaniashvili"]
[Result "1-0"]
[WhiteElo "2414"]
[BlackElo "2164"]
[TimeControl "180+1"]
[EndTime "8:31:31 PST"]
[Termination "esrosenberg won by resignation"]

1. Nf3 g6 2. c4 c5 3. Nc3 Nc6 4. g3 Bg7 5. Bg2 e6 6. O-O Nge7 7. d3 d5 8. cxd5 exd5 9. Bg5 O-O 10. Qd2 d4 11. Ne4 f6 12. Bh6 b6 13. Bxg7 Kxg7 14.
a3 a5 15. h4 h5 16. Rfc1 Bf5 17. Rab1 Nd5 18. Ne1 Rc8 19. Nc2 Qd7 20. Kh2 Rfe8 21. Na1 a4 22. Nc2 Ne5 23. Ne1 Ng4+ 24. Kg1 Rc6 25. Nc2 Rce6 26. Ne1 Nge3 27. Bf3 Bxe4 28. dxe4 Rxe4 29. Bxe4 Rxe4 30. fxe3 Rxe3 31. Nf3 Qh3 32. Qe1 d3 33. Qf1 Rxe2 34. Qxh3 1-0

[Event "Early-Titled-Tuesday-Blitz-February-13-2024"]
[Site "Chess.com"]
[Date "2024.02.13"]
[Round "3"]
[White "DenLaz"]
[Black "Mackster23"]
[Result "1-0"]
[WhiteElo "3041"]
[BlackElo "2688"]
[TimeControl "180+1"]
[EndTime "8:31:32 PST"]
[Termination "DenLaz won on time"]

1. d4 Nf6 2. c4 g6 3. Nf3 Bg7 4. g3 O-O 5. Bg2 d6 6. O-O Nbd7 7. Nc3 e5 8. e4 c6 9. h3 Qa5 10. Be3 exd4 11. Nxd4 Ne5 12. Qe2 Re8 13. Rac1 Be6 14.
b3 Rad8 15. f4 Nh5 16. Kh2 Nd7 17. g4 Nxf4 18. Rxf4 Be5 19. Kh1 Bxf4 20. Bxf4 Nf6 21. Qf2 h5 22. Qh4 Nh7 23. gxh5 g5 24. Qg3 Kh8 25. Bd2 f6 26. Rf1 Qe5 27. Qf2 Rf8 28. Nce2 c5 29. Nf3 Qb2 30. Bc3 Qc2 31. Qe3 Kg8 32.
Rf2 Qxa2 33. Ned4 cxd4 34. Nxd4 Qb1+ 35. Rf1 Qa2 36. Nxe6 Rde8 37. Nxf8 Rxf8 38. c5 Qxb3 39. cxd6 Rc8 40. d7 Rd8 41. e5 Qe6 42. Qc5 Rxd7 43. exf6 Nf8 44. Qxg5+ 1-0

[Event "Early-Titled-Tuesday-Blitz-February-13-2024"]
[Site "Chess.com"]
[Date "2024.02.13"]
[Round "3"]
[White "Kotlyar_K"]
[Black "mertfelin"]
[Result "0-1"]
[WhiteElo "2558"]
[BlackElo "2311"]
[TimeControl "180+1"]
[EndTime "8:31:32 PST"]
[Termination "mertfelin won by checkmate"]

1. e4 e5 2. Nf3 Nc6 3. Bb5 a6 4.
Ba4 Nf6 5. O-O d6 6. Re1 Bd7 7. c3 g6 8. h3 Bg7 9. d4 O-O 10. Nbd2 exd4 11. cxd4 Nb4 12. Bxd7 Qxd7 13. Qb3 a5 14. a3 Nc6 15. Qd3 Rfe8 16. b3 Nh5 17. Bb2 Re7 18. Qc2 Rae8 19. Nc4 Nf6 20. e5 Nh5 21.
Rad1 dxe5 22. dxe5 Qe6 23. Qc1 Qf5 24. Qc3 Nf4 25.
Bc1 h5 26. Nh4 Qg5 27. g3 Nxh3+ 28. Kg2 Qg4 29. f3 Qc8 30. Rh1 Nxe5 31. Nxe5 Rxe5 32. Qc4 Re2+ 33. Kf1 Rf2# 0-1

[Event "Early-Titled-Tuesday-Blitz-February-13-2024"]
[Site "Chess.com"]
[Date "2024.02.13"]
[Round "3"]
[White "Onischuk_V"]
[Black "wonderfultime"]
[Result "0-1"]
[WhiteElo "2790"]
[BlackElo "3067"]
[TimeControl "180+1"]
[EndTime "8:31:33 PST"]
[Termination "wonderfultime won on time"]

1. e4 e5 2. Nf3 Nc6 3. Bb5 a6 4. Ba4 Bc5 5. O-O Nge7 6. c3 Ng6 7. d4 Ba7 8. d5 Nce7 9. c4 O-O 10. h4 d6 11. h5 Nf4 12. Bxf4 exf4 13. Qd2 Bg4 14. Qxf4 Bxh5 15. Nc3 Ng6 16. Qg3 Qf6 17. Bd1 Rfe8 18. Nh2 Re5 19. Bxh5 Rxh5 20. Nf3 Nf4 21. Rfe1 Re8 22.
e5 dxe5 23. Ne4 Qd8 24. Rad1 Rh6 25. Nxe5 Nh5 26. Qc3 Qh4 27. Kf1 Nf4 0-1

[Event "Early-Titled-Tuesday-Blitz-February-13-2024"]
[Site "Chess.com"]
[Date "2024.02.13"]
[Round "3"]
[White "tandaleo"]
[Black "Beca95"]
[Result "0-1"]
[WhiteElo "2533"]
[BlackElo "2931"]
[TimeControl "180+1"]
[EndTime "8:31:33 PST"]
[Termination "Beca95 won on time"]

1. d4 c5 2. e3 d5 3. Nf3 Nf6 4. dxc5 Qa5+ 5. Nbd2 e6 6. Be2 Bxc5 7. O-O Be7 8. c3 O-O 9. b4 Qb6 10. Bb2 a5 11. a3 Rd8 12. Qc2 Nbd7 13. Nb3 axb4 14. cxb4 Ne4 15. Nfd2 Nxd2 16. Qxd2 Bf6 17. Bxf6 Nxf6 18.
Nc5 Bd7 19. a4 Qc7 20. Rfc1 Qb8 21. a5 b6 22. Na6 Qd6 23. b5 bxa5 24. Qxa5 Rdb8 25.
Qc7 Qxc7 26. Nxc7 Rxa1 27. Rxa1 Kf8 28. Rb1 Bc8 29. Kf1 Ke7 30. Ke1 Kd6 31. Rc1 Bd7 32. Na6 Rb6 33. Nc5 Bxb5 34. Bxb5 Rxb5 35. Nd3 e5 36.
Ke2 Nd7 37. h3 h5 38. g3 g5 39. h4 g4 40. Kd2 Ra5 41. Rc2 Nf6 42. Rb2 Ne4+ 43. Ke2 Ke6 44. Rb6+ Kf5 45. Rb2 Ra3 46. Rb6 f6 47. Rb2 Ra1 48. Rc2 Ra3 49. Rb2 Nc3+ 0-1

[Event "Early-Titled-Tuesday-Blitz-February-13-2024"]
[Site "Chess.com"]
[Date "2024.02.13"]
[Round "3"]
[White "HaryKane"]
[Black "pirulillo"]
[Result "1-0"]
[WhiteElo "2574"]
[BlackElo "2301"]
[TimeControl "180+1"]
[EndTime "8:31:33 PST"]
[Termination "HaryKane won by checkmate"]

1. e4 c5 2. Nf3 e6 3. d4 cxd4 4.
Nxd4 Nf6 5. Bd3 Nc6 6. Nb3 d5 7.
exd5 exd5 8. O-O Be7 9. Bg5 O-O 10. Re1 h6 11. Bh4 Bg4 12. Be2 Bf5 13. c3 Ne4 14. Bxe7 Nxe7 15. Nd4 Bg6 16. Nd2 Qb6 17. N2b3 Nc6 18.
Bf3 Rad8 19. Bxe4 dxe4 20. Qe2 Ne5 21. Qb5 Qc7 22. Nc5 Rd5 23. Na6 Rxb5 24. Nxc7 Rxb2 25. Nd5 Kh7 26. Ne7 f5 27. Rab1 Rxa2 28. Rxb7 Rf7 29. Rc7 Nd3 30. Rb1 Nxf2 31. h4 h5 32. Ne6 Ng4 33. Ng5+ Kh6 34. Ng8# 1-0